 Dungeon Crawl Stone Soup version 0.25-a0-424-g80bd347ae0 (webtiles) character file.

Game seed: 3347785861833286995, levelgen mode: deterministic

2228 MrRokkomies the Jinx (level 9, 0/39 HPs)
             Began as a Spriggan Enchanter on Jan 21, 2020.
             Was an Elder of Okawaru.
             Killed from afar by an electric eel (10 damage)
             ... with a bolt of electricity
             ... on level 4 of the Dungeon.
             The game lasted 00:15:30 (6099 turns).

MrRokkomies the Jinx (Spriggan Enchanter)           Turns: 6099, Time: 00:15:31

Health: 0/39       AC:  6    Str: 11    XL:     9   Next: 14%
Magic:  14/14      EV: 23    Int: 16    God:    Okawaru [****..]
Gold:   209        SH:  0    Dex: 17    Spells: 5/13 levels left

rFire    . . .     SeeInvis +   a - +2 dagger (venom)
rCold    . . .     Gourm    .   (shield restricted)
rNeg     . . .     Faith    .   b - +1 robe
rPois    .         Spirit   .   (helmet restricted)
rElec    .         Reflect  .   p - +2 cloak
rCorr    .         Harm     .   (gloves unavailable)
MR       +....                  (boots unavailable)
Stlth    ++++......             i - amulet of regeneration
HPRegen  0.53/turn              o - +4 ring of strength
MPRegen  0.14/turn              (no ring)

@: very quick
A: very small, unfitting armour, see invisible, herbivore, speed 3, slow
metabolism 2
a: Heroism, Renounce Religion


You were on level 4 of the Dungeon.
You worshipped Okawaru.
Okawaru was greatly pleased with you.
You were hungry.

You visited 1 branch of the dungeon, and saw 6 of its levels.
You also visited: Ossuary.

You collected 209 gold pieces.

Inventory:

Hand Weapons
 a - a +2 dagger of venom (weapon)
Missiles
 g - 11 poisoned darts (quivered)
 j - 41 sling bullets
Armour
 b - a +1 robe (worn)
 p - a +2 cloak (worn)
 q - a scarf of cloud immunity
Jewellery
 i - an amulet of regeneration (around neck)
 o - a +4 ring of strength (left hand)
Wands
 n - a wand of digging (3)
 v - a wand of flame (30)
Scrolls
 c - 3 scrolls of enchant armour
 e - 6 scrolls of remove curse
 l - 4 scrolls of identify
 m - 2 scrolls of teleportation
 s - 2 scrolls of fog
Potions
 f - a potion of ambrosia
 h - a potion of resistance
 k - 3 potions of invisibility
 r - 2 potions of curing
 t - a potion of mutation
 u - 3 potions of lignification
 x - a potion of berserk rage
Comestibles
 d - 15 rations


   Skills:
 * Level 7.8 Short Blades
 + Level 7.6 Dodging
 + Level 8.8 Stealth
 - Level 2.6 Spellcasting
 * Level 9.2 Hexes


You had 5 spell levels left.
You knew the following spells:

 Your Spells              Type           Power        Failure   Level  Hunger
a - Tukima's Dance        Hex            ####....     1%          3    ###....
b - Ensorcelled Hibernat  Hex/Ice        ###...       4%          2    ##.....
c - Confusing Touch       Hex            ####....     1%          3    ###....

Your spell library contained the following spells:

 Spells                   Type           Power        Failure   Level  Hunger
 Corona                   Hex            ####...      1%          1    #......
 Dazzling Flash           Conj/Hex       ###...       9%          3    ###....


Dungeon Overview and Level Annotations

Branches:
Dungeon (6/15)             Temple (0/1) D:5         Ossuary (visited)

Altars:
Cheibriados
Gozag
Okawaru
Qazlal
Sif Muna

Shops:
D:5 *

Annotations:
D:4 1 transporter


Innate Abilities, Weirdness & Mutations

You are very small and have problems with some larger weapons.
You are too small for most types of armour.
You have supernaturally acute eyesight. (SInv)
You are a herbivore.
You cover ground extremely quickly.
You need to consume almost no food.


Message History

There is an open door here.
Throwing (i - inventory)
g - 13 poisoned darts (quivered)
Press: ? - help, Shift-Dir - straight line, f - electric eel
Aim: an electric eel You throw a poisoned dart.
The poisoned dart closely misses the electric eel.
You hear a splash.
Throwing (i - inventory)
g - 12 poisoned darts (quivered)
Press: ? - help, Shift-Dir - straight line, f/p - electric eel
Aim: an electric eel You throw a poisoned dart.
The poisoned dart closely misses the electric eel.
You hear a splash.
The electric eel shoots out a bolt of lightning at you!
The bolt of electricity hits you! x2; The bolt of electricity hits the plant!
The electric eel shoots out a bolt of lightning at you!
The bolt of electricity hits you!
* * * LOW HITPOINT WARNING * * *
The bolt of electricity hits you!
You die...

###.#.#..#.....#..#.# #...# ####.
# #.#.#..#.#.#.#..#.# #...# #.
###.#......#...<..#.###...######.
##....................#..........
#.....................#..........
.....###############..#..........
####.#8P#≈≈≈≈≈≈;#P8#.............
##..#..#.......#..#..÷..........
##..©#©(+...⌠...@.©#©)...........
.....#..#.......#..#.............
#....#8P#≈≈≈≈≈≈;#P8#.#.###.......
#.#..###############.#.###.......
#.#..............................
#.........###.........####.......
######.##.#.......##### #.......
#..#.........# #####.......
##.###.......# #.....######


You could see 2 electric eels.

Vanquished Creatures
  Grinder (D:4)
  Sigmund (D:5)
  An orc warrior (D:6)
  2 ogres (D:4)
  2 phantoms
  3 centaurs
  A bullfrog (D:6)
  3 wights (D:6)
  2 crimson imps
  A jelly (D:3)
  A bullfrog skeleton (D:5)
  A bullfrog zombie (D:2)
  4 orc priests
  2 centaur skeletons (D:4)
  Jessica (D:3)
  Ijyb (D:5)
  4 worker ants
  2 iguanas
  An orc wizard (D:4)
  A killer bee zombie (D:5)
  13 mummies (Ossuary)
  6 adders
  5 gnolls
  A shadow imp (D:6)
  An ooze (D:5)
  An adder skeleton (D:5)
  5 worms
  5 dart slugs
  4 leopard geckos
  17 orcs
  6 giant cockroaches
  7 hobgoblins
  9 jackals
  3 quokkas
  2 ball pythons (D:1)
  8 bats
  9 frilled lizards
  3 gnoll skeletons (Ossuary)
  10 goblins
  A goblin skeleton (Ossuary)
  A jackal skeleton (D:4)
  10 kobolds
  3 kobold skeletons (Ossuary)
  A leopard gecko skeleton (D:5)
  An orc skeleton (Ossuary)
  2 rats (D:1)
  11 rat skeletons (Ossuary)
180 creatures vanquished.

Vanquished Creatures (collateral kills)
  A wight (D:6)
  An orc (D:6)
2 creatures vanquished.

Vanquished Creatures (others)
  2 dancing weapons (D:6)
2 creatures vanquished.

Grand Total: 184 creatures vanquished

Notes
Turn   | Place    | Note
-------+----------+-------------------------------------------
     0 | D:1      | MrRokkomies the Spriggan Enchanter began the quest for the
                  | Orb.
     0 | D:1      | Reached XP level 1. HP: 9/9 MP: 5/5
   242 | D:1      | Reached XP level 2. HP: 13/13 MP: 6/6
   248 | D:1      | Learned a level 2 spell: Ensorcelled Hibernation
   353 | D:1      | Reached skill level 4 in Hexes
   506 | D:1      | Reached XP level 3. HP: 5/16 MP: 6/8
  1082 | D:1      | Learned a level 3 spell: Confusing Touch
  1264 | D:2      | Found an iron altar of Okawaru.
  1295 | D:2      | Became a worshipper of Warmaster Okawaru
  1301 | D:2      | Reached skill level 5 in Stealth
  1482 | D:2      | Reached XP level 4. HP: 21/21 MP: 6/9
  1526 | D:2      | Noticed a centaur
  1538 | D:2      | Killed a centaur
  1538 | D:2      | Reached * piety under Okawaru
  1538 | D:2      | Reached skill level 5 in Hexes
  1538 | D:2      | Reached XP level 5. HP: 11/24 MP: 6/10
  1913 | D:2      | Learned a level 3 spell: Tukima's Dance
  2366 | D:3      | Noticed Jessica
  2374 | D:3      | Killed Jessica
  2560 | D:3      | Reached XP level 6. HP: 28/28 MP: 11/11
  2773 | D:3      | Found a stormy altar of Qazlal.
  2952 | D:3      | Found a shimmering blue altar of Sif Muna.
  3014 | D:4      | Reached skill level 5 in Dodging
  3031 | D:4      | Reached skill level 6 in Hexes
  3068 | D:4      | You fall into a shaft and drop 2 floors!
  3162 | D:6      | Reached ** piety under Okawaru
  3162 | D:6      | Reached XP level 7. HP: 17/32 MP: 1/12
  3354 | D:6      | Reached skill level 5 in Short Blades
  3438 | D:6      | Found a snail-covered altar of Cheibriados.
  3565 | D:6      | Reached skill level 7 in Hexes
  3971 | D:5      | Entered Level 5 of the Dungeon
  4015 | D:5      | Noticed Ijyb
  4017 | D:5      | Found a staircase to the Ecumenical Temple.
  4032 | D:5      | Killed Ijyb
  4032 | D:5      | Reached XP level 8. HP: 34/36 MP: 13/13
  4150 | D:5      | Noticed Sigmund
  4160 | D:5      | Killed Sigmund
  4160 | D:5      | Reached *** piety under Okawaru
  4209 | D:5      | Found Gozag's Platinum Reserve.
  4211 | D:5      | Found an opulent altar of Gozag.
  4305 | D:5      | Found a sand-covered staircase.
  4310 | Ossuary  | Entered an ossuary
  4713 | Ossuary  | Reached skill level 8 in Hexes
  5360 | D:4      | Noticed Grinder
  5396 | D:4      | Killed Grinder
  5542 | D:4      | Found a transporter.
  5557 | D:4      | Found a transporter.
  5857 | D:4      | Reached XP level 9. HP: 34/39 MP: 14/14
  5873 | D:4      | Reached skill level 9 in Hexes
  5912 | D:4      | Reached **** piety under Okawaru
  6099 | D:4      | Killed from afar by an electric eel

Levels and vault maps discovered:
D:1:      eino_arrival_water_star, layout_loops_corners
D:2:      layout_loops_ring, okawaru_trees_2
D:3:      layout_loops_ring, overflow_temple_1_default, lemuel_blue_sif_altar,
          first_ration, corexii_shack, uniq_jessica
D:4:      gammafunk_steamed_eel, layout_basic, uniq_grinder
D:5:      cheibrodos_iron_armory, layout_basic, nicolae_gozag_zags_fifth_avenue,
          minmay_temple_entry_grid, enter_ossuary_2, uniq_ijyb, uniq_sigmund
D:6:      layout_layer_cave, kennysheep_mini_moat, kennysheep_slug_shrine,
          minivault_22, sigmund_army

Skill      XL: |  1  2  3  4  5  6  7  8  9 |
---------------+----------------------------+-----
Hexes          | 4 5 6 7 8 9 |  9.2
Short Blades   | 2 3 4 5 7 |  7.8
Stealth        | 5 6 7 8 |  8.8
Dodging        | 4 5 6 7 |  7.6
Spellcasting   | |  2.6

Action                   |  1- 3 |  4- 6 |  7- 9 || total
-------------------------+-------+-------+-------++-------
Melee: Dagger            |   212 |   191 |   415 ||   818
Throw: Dart              |       |    10 |    16 ||    26
 Cast: Corona            |     1 |       |       ||     1
       Ensorcelled Hiber |     4 |     2 |     2 ||     8
       Confusing Touch   |     1 |     2 |    14 ||    17
       Tukima's Dance    |       |     3 |     3 ||     6
  Use: Scroll            |       |     8 |     7 ||    15
       Potion            |       |       |     2 ||     2
 Stab: Sleeping          |    15 |    15 |    24 ||    54
       Distracted        |     1 |       |     1 ||     2
       Confused          |     2 |     1 |    13 ||    16
  Eat: Ration            |       |     1 |     2 ||     3
Armor: Robe              |    22 |    28 |    20 ||    70
       Skin              |       |       |     6 ||     6
Dodge: Dodged            |   177 |   122 |   189 ||   488

Table legend:
 A = Non-vault XP
 B = Vault XP
 C = Vault XP percentage of total XP
 D = Non-vault monster count
 E = Vault monster count
 F = Vault count percentage of total count
                 A         B        C        D         E       F
            +---------+---------+-------+---------+---------+-------
      Total |    2363 |     820 |  25.8 |     144 |      38 |  20.9
            +---------+---------+-------+---------+---------+-------
        D:1 |      66 |       0 |   0.0 |      30 |       0 |   0.0
        D:2 |     189 |       0 |   0.0 |      19 |       0 |   0.0
        D:3 |     274 |      39 |  12.5 |      24 |       2 |   7.7
        D:4 |     612 |     272 |  30.8 |      32 |       1 |   3.0
        D:5 |     463 |     256 |  35.6 |      17 |       2 |  10.5
        D:6 |     759 |       4 |   0.5 |      22 |       1 |   4.3
    Ossuary |       0 |     249 | 100.0 |       0 |      32 | 100.0
            +---------+---------+-------+---------+---------+-------
